 Dungeon Sprint DCSS version 0.26-a0-1107-g6118521029 (webtiles) character file.

Game seed: 4261044434186023649

5659 mhtbhm the Imperceptible (level 10, -9/76 HPs)
             Began as a Spriggan Brigand on Dec 16, 2020.
             Was a High Priest of Dithmenos.
             Mangled by Agnes
             ... wielding a +5 spectral lajatang
              (22 damage)
             ... in the Dungeon (Sprint IV: "Fedhas' Mad Dash").
             The game lasted 00:05:29 (2030 turns).

mhtbhm the Imperceptible (Spriggan Brigand)         Turns: 2030, Time: 00:05:29

Health: -9/76      AC: 25    Str:  7    XL:     10   Next: 46%
Magic:  18/18      EV:  4    Int: 13    God:    Dithmenos [*****.]
Gold:   55         SH:  0    Dex: 21    Spells: 9/9 levels left

rFire    . . .     SeeInvis +   a - +2 dagger
rCold    . . .     Faith    .   (shield restricted)
rNeg     + + +     Spirit   .   (armour currently unavailable)
rPois    +         Reflect  .   (helmet currently unavailable)
rElec    .         Harm     .   (cloak currently unavailable)
rCorr    .         Rampage  .   (gloves unavailable)
Will     +....     NoTele   +   (boots unavailable) Stlth ******++++
                                l - amulet of invisibility {+Inv}
HPRegen  0.22/turn              p - ring of stealth
MPRegen  0.16/turn              (no ring)

@: tree-form, hasted, wreathed by umbra, very quick
A: very small, unfitting armour, see invisible
a: Shadow Step, Shadow Form, Renounce Religion, Evoke Invisibility


You were in the Dungeon.
You worshipped Dithmenos.
Dithmenos was extremely pleased with you.
You were a tree.
You visited 1 branch You collected 247 gold pieces.
You spent 192 gold pieces at shops.

Inventory:

Hand Weapons
 a - a +2 dagger (weapon)
Missiles
 d - 7 poisoned darts (quivered)
 e - 2 curare-tipped darts
Armour
 b - a +0 robe (melded)
 c - a +0 cloak (melded)
Jewellery
 l - the amulet of invisibility (around neck) {+Inv}
   (You found it in the Dungeon)

   [amulet of nothing]

   It lets you turn invisible.
 n - an uncursed amulet of the acrobat {unknown}
 p - a ring of stealth (left branch)
Scrolls
 j - a scroll of fog {unknown}
 k - a scroll of blinking
Potions
 f - a potion of curing
 g - a potion of heal wounds
 i - 2 potions of magic
 o - a potion of mutation {unknown}


   Skills:
 + Level 5.3 Fighting
 + Level 8.3 Short Blades
 - Level 3.6 Throwing
 + Level 7.3 Dodging
 + Level 24.4 Stealth
 * Level 10.6 Invocations
 + Level 11.4 Evocations


You had 9 spell levels left.
You didn't know any spells.
Your spell library contained the following spells:

 Spells                   Type           Power        Failure   Level
 Beastly Appendage        Tmut           #.....       30%         1
 Wereblood                Tmut           #.......     43%         2
 Confusing Touch          Hex            #.......     67%         3
 Gell's Gravitas          Tloc           #.........   67%         3
 Spider Form              Tmut/Pois      #.........   67%         3
 Ice Form                 Ice/Tmut       #.......     97%         4
 Petrify                  Tmut/Erth      #.......     97%         4
 Blade Hands              Tmut           #.........   100%        5
 Metabolic Englaciation   Hex/Ice        #.........   100%        5
 Yara's Violent Unravell  Hex/Tmut       #.........   100%        5


Dungeon Overview and Level Annotations

Branches:
Dungeon (1/1)

Altars:
Cheibriados
Dithmenos
Elyvilon
Gozag
Hepliaklqana
Kikubaaqudgha
Makhleb
Nemelex Xobeh
Okawaru
Qazlal
Ru
Sif Muna
Trog
Uskayaw
Vehumet
Wu Jian
Xom
Yredelemnul
Zin
The Shining One
Beogh
Jiyva
Lugonu

Shops:
D [:=:}=

Annotations:
D Agnes


Innate Abilities, Weirdness & Mutations

You are very small and have problems with some larger weapons.
You are too small for most types of armour.
You have supernaturally acute eyesight. (SInv)
((You cover ground extremely quickly.))


Message History

You closely miss Agnes.
Agnes is lightly wounded.
Agnes hits you with a +5 spectral lajatang!
* * * LOW HITPOINT WARNING * * *
You hit Agnes.
Agnes is lightly wounded.
You barely miss Agnes.
Agnes is lightly wounded.
Agnes hits you but does no damage.
You hit Agnes.
Agnes is lightly wounded.
Your shadow closely misses Agnes.
Agnes hits you with a +5 spectral lajatang.
* * * LOW HITPOINT WARNING * * *
You hit Agnes.
Agnes is lightly wounded.
You closely miss Agnes.
Agnes is lightly wounded.
Agnes hits you with a +5 spectral lajatang!!
You die...

'.#(..'.._._._._._..'..#...#....'
#.#...#..._._._._...#..###'##.f.#
####'##.._._._._._..#.(##∩∩.+...#
..'...#._._._._._.⌠.#############
..#...###################....(.##
.######♣♣♣♣♣..♣[###.i..'.....(['.
###.)'......♣..♣##..#..#.P.....##
.....#♣..♣♣♣.♣).###.##'##.P....#
.....#.♣♣.(♣...♣♣i(.#♣i♣########
####### ############... ♣.(♣ ....
♣.... #####


You could see Agnes and a +5 spectral lajatang (summoned).

Vanquished Creatures
  A spriggan druid (D)
  6 oklob plants (D)
  A demonic crawler (D)
  3 burning bushes (D)
  A queen bee (D)
  2 wandering mushrooms (D)
  A hornet (D)
  2 scorpions (D)
  4 killer bees (D)
  5 oklob saplings (D)
  A worker ant (D)
  5 spriggans (D)
  A river rat (D)
  A rat (D)
  A ballistomycete spore (D)
35 creatures vanquished.

Notes
Turn   | Place    | Note
-------+----------+-------------------------------------------
     0 | D        | mhtbhm the Spriggan Brigand began the quest for the Orb.
     0 | D        | Reached XP level 1. HP: 10/10 MP: 2/2
    11 | D        | Reached skill level 8 in Stealth
    11 | D        | Reached XP level 2. HP: 15/15 MP: 3/3
    50 | D        | Noticed an oklob sapling
   154 | D        | Killed an oklob sapling
   155 | D        | Reached skill level 10 in Stealth
   155 | D        | Reached XP level 3. HP: 18/18 MP: 4/4
   158 | D        | Found the amulet of invisibility {+Inv}
   160 | D        | Reached skill level 11 in Stealth
   188 | D        | Found an opulent altar of Gozag.
   188 | D        | Found a hazy altar of Hepliaklqana.
   188 | D        | Found a burning altar of Makhleb.
   188 | D        | Found a roughly hewn altar of Beogh.
   188 | D        | Found a sparkling altar of Nemelex Xobeh.
   188 | D        | Found a snail-covered altar of Cheibriados.
   188 | D        | Found a sacrificial altar of Ru.
   188 | D        | Found a shimmering blue altar of Sif Muna.
   188 | D        | Found a shimmering altar of Xom.
   188 | D        | Found a basalt altar of Yredelemnul.
   189 | D        | Found a viscous altar of Jiyva.
   189 | D        | Found a bloodstained altar of Trog.
   189 | D        | Found an ornate altar of the Wu Jian Council.
   189 | D        | Noticed an oklob sapling priest
   190 | D        | Found an iron altar of Okawaru.
   190 | D        | Found a shadowy altar of Dithmenos.
   190 | D        | Found a glowing silver altar of Zin.
   191 | D        | Found an ancient bone altar of Kikubaaqudgha.
   191 | D        | Found a hide-covered altar of Uskayaw.
   192 | D        | Found a stormy altar of Qazlal.
   192 | D        | Found a white marble altar of Elyvilon.
   192 | D        | Found a glowing golden altar of the Shining One.
   193 | D        | Found a corrupted altar of Lugonu.
   193 | D        | Found a radiant altar of Vehumet.
   196 | D        | Killed an oklob sapling priest
   197 | D        | Reached skill level 13 in Stealth
   197 | D        | Reached skill level 1 in Evocations
   197 | D        | Reached XP level 4. HP: 23/23 MP: 2/5
   199 | D        | Became a worshipper of Dithmenos the Shadowed
   335 | D        | Reached XP level 5. HP: 28/28 MP: 6/6
   356 | D        | Reached skill level 14 in Stealth
   356 | D        | Reached skill level 1 in Invocations
   356 | D        | Reached * piety under Dithmenos
   357 | D        | Reached skill level 15 in Stealth
   375 | D        | Found Tarhud's Book Shop.
   375 | D        | Found Saczo's Armour Emporium.
   758 | D        | Noticed a queen bee
   765 | D        | Killed a queen bee
   765 | D        | Reached ** piety under Dithmenos
   766 | D        | Reached skill level 5 in Short Blades
   766 | D        | Reached skill level 17 in Stealth
   766 | D        | Reached XP level 6. HP: 33/33 MP: 6/10
   771 | D        | Reached XP level 7. HP: 37/37 MP: 7/11
   772 | D        | Reached skill level 5 in Invocations
   772 | D        | Reached skill level 5 in Evocations
   781 | D        | Reached *** piety under Dithmenos
   782 | D        | Reached skill level 18 in Stealth
   970 | D        | Noticed an oklob plant
   987 | D        | Killed an oklob plant
   988 | D        | Reached skill level 19 in Stealth
   988 | D        | Reached XP level 8. HP: 14/42 MP: 11/13
  1296 | D        | Noticed a burning bush
  1298 | D        | Killed a burning bush
  1311 | D        | Noticed a burning bush
  1311 | D        | Noticed an oklob plant
  1312 | D        | Noticed a wandering mushroom
  1313 | D        | Killed a burning bush
  1314 | D        | Reached skill level 20 in Stealth
  1318 | D        | Killed an oklob plant
  1319 | D        | Reached skill level 5 in Dodging
  1322 | D        | Killed a wandering mushroom
  1322 | D        | Reached **** piety under Dithmenos
  1323 | D        | Reached skill level 21 in Stealth
  1323 | D        | Reached XP level 9. HP: 46/46 MP: 9/16
  1335 | D        | Noticed a spriggan druid
  1336 | D        | Killed a spriggan druid
  1337 | D        | Reached skill level 5 in Fighting
  1337 | D        | Reached skill level 22 in Stealth
  1403 | D        | Noticed a burning bush
  1403 | D        | Noticed a wandering mushroom
  1404 | D        | Noticed a wandering mushroom
  1405 | D        | Killed a burning bush
  1406 | D        | Reached skill level 10 in Evocations
  1406 | D        | Killed a wandering mushroom
  1453 | D        | Found Oderghops's Jewellery Shoppe.
  1454 | D        | Found Nafoepy's Book Emporium.
  1756 | D        | Noticed an oklob plant conjurer
  1757 | D        | Killed an oklob plant conjurer
  1833 | D        | Noticed an oklob plant
  1833 | D        | Noticed an oklob plant summoner
  1834 | D        | Noticed an oklob plant shifter
  1836 | D        | Killed an oklob plant
  1837 | D        | Reached skill level 23 in Stealth
  1838 | D        | Killed an oklob plant summoner
  1839 | D        | Reached XP level 10. HP: 48/51 MP: 11/18
  1840 | D        | Killed an oklob plant shifter
  1841 | D        | Reached skill level 10 in Invocations
  1849 | D        | Reached ***** piety under Dithmenos
  1916 | D        | Noticed a spriggan rider
  1917 | D        | Found Zabbo's Gadget Emporium.
  1918 | D        | Found Eciadd's Jewellery Shoppe.
  1919 | D        | Killed a spriggan rider
  1920 | D        | Reached skill level 24 in Stealth
  1957 | D        | Bought an uncursed ring of stealth for 192 gold pieces
  2007 | D        | Noticed Agnes
  2030 | D        | Mangled by Agnes

Illustrated notes

Levels and vault maps discovered:
D:        dungeon_sprint_fedhas [sprint_temple]

Skill      XL: |  1  2  3  4  5  6  7  8  9 10 |
---------------+-------------------------------+-----
Stealth        | 8 10 13 17 19 21 23 24 | 24.4
Fighting       | 2 3 4 5 |  5.3
Short Blades   | 3 5 6 7 8 |  8.3
Throwing       | 3 |  3.6
Dodging        | 2 4 5 6 7 |  7.3
Evocations     | 1 4 6 9 10 11 | 11.4
Invocations    | 4 6 8 9 10 | 10.6

Action                   |  1- 3 |  4- 6 |  7- 9 | 10-12 || total
-------------------------+-------+-------+-------+-------++-------
Melee: Dagger            |     6 |    20 |    35 |    19 ||    80
Throw: Dart              |     1 |       |     5 |       ||     6
Invok: Shadow Step       |       |       |     3 |     1 ||     4
 Abil: Evoke Invisibilit |     1 |     3 |     3 |     1 ||     8
  Use: Potion            |       |     1 |       |     2 ||     3
 Stab: Distracted        |     1 |       |       |       ||     1
       Sleeping          |     2 |     2 |    12 |     5 ||    21
       Invisible         |       |     3 |     5 |       ||     8
Armor: Robe              |       |     1 |     1 |       ||     2
       Skin              |       |       |       |     3 ||     3
Dodge: Dodged            |     1 |    21 |    25 |     1 ||    48

Table legend: (Time is in decaauts)
 A = Elapsed time spent in this place.
 B = Non-inter-level travel time spent in this place.
 C = Inter-level travel time spent in this place.
 D = Time resting spent in this place.
 E = Time spent auto-exploring this place.
 F = Levels seen in this place.
 G = Mean time per level.
                   A        B        C        D        E       F      G
               +--------+--------+--------+--------+--------+-----+--------+
         Total |   1843 |   1827 |     16 |   1434 |      1 |   1 | 1843.0 |
       Dungeon |   1843 |   1827 |     16 |   1434 |      1 |   1 | 1843.0 |
               +--------+--------+--------+--------+--------+-----+--------+

Top non-repeatable levels by time:
       D: 1843 daAuts
